 Dungeon Crawl Stone Soup version 0.28.0-45-g0d030f2227 (webtiles) character file.

Game seed: 842857487743161893

13 DuloT34 the Ruffian (level 2, -2/25 HPs)
             Began as a Naga Transmuter on Apr 21, 2022.
             Slain by a goblin
             ... wielding a +0 dagger
              (3 damage)
             ... on level 1 of the Dungeon.
             The game lasted 00:01:32 (852 turns).

DuloT34 the Ruffian (Naga Transmuter)                Turns: 852, Time: 00:01:33

Health: -2/25      AC:  1    Str: 12    XL:     2   Next: 37%
Magic:  5/5        EV:  9    Int: 13    God:
Gold:   7          SH:  0    Dex: 11    Spells: 0/5 levels left

rFire   x . .      SeeInvis +     - Unarmed
rCold   + . .      Faith    .   (no shield)
rNeg    . . .      Spirit   .   a - +0 robe
rPois   +          Reflect  .   (helmet currently unavailable)
rElec   .          Harm     .   (no cloak)
rCorr   .          Rampage  .   (no gloves)
Will    .....                   (no barding)
Stlth   +.........              (no amulet)
HPRegen 0.08/turn               b - ring of ice
MPRegen 0.09/turn               (no ring)

@: appendages, very slow
A: horns 2, AC +0, large, see invisible, deformed body, poison resistance,
slowness 2, spit poison 1, naga tail 1
a: Spit Poison, End Transformation


You were on level 1 of the Dungeon.
You had temporarily grown beastly horns.
You visited 1 branch of the dungeon, and saw 1 of its levels.

You collected 7 gold pieces.

Inventory:

Armour
 a - a +0 robe (worn)
Jewellery
 b - a ring of ice (left hand)


   Skills:
 - Level 1.0 Fighting
 - Level 1.5 Dodging
 - Level 3.0 Unarmed Combat
 - Level 2.0 Spellcasting
 + Level 3.0 Transmutations


You couldn't memorise any spells.
You knew the following spells:

 Your Spells              Type           Power      Damage    Failure   Level
a - Beastly Appendage     Tmut           18%        N/A       8%          1
b - Wereblood             Tmut           9%         N/A       11%         2
c - Passwall              Tmut/Erth      4%         N/A       21%         2

Your spell library contained the following spells:

 Spells                   Type           Power      Damage    Failure   Level
 Ensorcelled Hibernation  Hex/Ice        2%         N/A       36%         2
 Spider Form              Tmut/Pois      5%         N/A       38%         3
 Swiftness                Air            1%         N/A       58%         3
 Ice Form                 Ice/Tmut       7%         N/A       80%         4


Dungeon Overview and Level Annotations

Branches:
Dungeon (1/15)

Altars:


Innate Abilities, Weirdness & Mutations

You have temporarily grown beastly horns.
Your serpentine skin is tough. (AC +0)
You have supernaturally acute eyesight. (SInv)
Armour fits poorly on your strangely shaped body.
Your system is resistant to poisons. (rPois)
You cover ground very slowly.
You can spit poison.
You have a snake-like lower body.


Message History

No target in view!
Your horns disappear.
b - a ring of ice You feel more attuned to ice.
b - a ring of ice (left hand)
c - a scroll labelled ISSO ITALAAZIRU
As you read the scroll labelled ISSO ITALAAZIRU, it crumbles to dust.
It is a scroll of identify.
You don't have any unidentified items.
You now have 7 gold pieces.
A bat comes into view.
Casting: Beastly Appendage (safe; 8% risk of failure)
Confirm with . or Enter, or press ? or * to list all spells.
You grow a pair of large bovine horns.
Found 18 gold pieces.
Found a stone staircase leading down.
A frilled lizard and 2 goblins come into view.
The goblin shouts! x2; The frilled lizard hisses angrily.
The bat hits you. The bat barely misses you. The bat hits you.
The goblin hits you with a +0 dagger.
You hit the goblin.
The goblin is heavily wounded.
The bat hits you. The goblin hits you with a +0 dagger.
The bat hits you but does no damage.
You closely miss the bat. The bat barely misses you.
The goblin closely misses you. The goblin barely misses you.
You miss the bat.
The bat hits you. x2; The goblin hits you with a +0 dagger. x2
The frilled lizard closely misses you.
You barely miss the bat. Your headbutt misses the bat.
The bat closely misses you. The bat barely misses you.
The goblin barely misses you. The goblin hits you with a +0 dagger.
* * * LOW HITPOINT WARNING * * *
The frilled lizard bites you.
* * * LOW HITPOINT WARNING * * *
You barely miss the bat. The bat hits you.
* * * LOW HITPOINT WARNING * * *
The goblin hits you with a +0 dagger.
* * * LOW HITPOINT WARNING * * *
The goblin hits you with a +0 dagger.
You die...

###..#....#####
#. #..#.#..######
#.
....#.........#
#.
####.#########.#
## ..#.......# #
.######.#.#######
# #.....>..#.# #
#..#####...# #
#...b.@g.###### #
...$###lg.......
. #..#.#####
#..#.# .....#
......# .#.....#
..+.....# .#
#.....#


You could see 2 goblins, a bat and a frilled lizard.

Vanquished Creatures
  A goblin (D:1)
  3 hobgoblins (D:1)
  2 quokkas (D:1)
  A ball python (D:1)
  2 bats (D:1)
  A frilled lizard (D:1)
  2 kobolds (D:1)
12 creatures vanquished.

Notes
Turn   | Place    | Note
-------+----------+-------------------------------------------
     0 | D:1      | DuloT34 the Naga Transmuter began the quest for the Orb.
     0 | D:1      | Reached XP level 1. HP: 18/18 MP: 3/3
   360 | D:1      | Reached XP level 2. HP: 25/25 MP: 3/5
   369 | D:1      | Learned a level 2 spell: Wereblood
   578 | D:1      | Learned a level 2 spell: Passwall
   852 | D:1      | HP: 1/25 [goblin/+0 dagger (2)]
   852 | D:1      | Slain by a goblin

Illustrated notes

Levels and vault maps discovered:
D:1:      kennysheep_arrival_forest, layout_basic

Skill      XL: |  1  2 |
---------------+-------+-----
Transmutations | 3 |  3.0
Fighting       | |  1.0
Dodging        | |  1.5
Unarmed Combat | |  3.0
Spellcasting   | |  2.0

Action                   || total
-------------------------++-------
Melee: Unarmed           ||    41
       Headbutt          ||     6
       Punch             ||     1
 Cast: Beastly Appendage ||     9
       Wereblood         ||     1
  Use: Scroll            ||     2
Armor: Robe              ||     9
Dodge: Dodged            ||    26
